 Dungeon Crawl Stone Soup version 0.29.1-12-g30fa7ad0bf (webtiles) character file.

Game seed: 11213372728314561274

1481 growler the Magician (level 8, -6/61 HPs)
             Began as a Demonspawn Hedge Wizard on Dec 31, 2022.
             Was an Initiate of Gozag.
             Mangled by a wight
             ... wielding a +4 great sword
              (18 damage)
             ... on level 6 of the Dungeon.
             The game lasted 00:21:07 (7886 turns).

growler the Magician (Demonspawn Hedge Wizard)      Turns: 7886, Time: 00:21:07

Health: -6/61      AC:  3    Str: 12    XL:     8   Next: 50%
Magic:  16/18      EV: 12    Int: 16    God:    Gozag
Gold:   583        SH:  0    Dex: 19    Spells: 16/21 levels left

rFire   . . .      SeeInvis .   k - +1 dagger (speed)
rCold   . . .      Faith    .   (no shield)
rNeg    . . .      Spirit   .   b - +1 robe
rPois   .          Reflect  .   c - +0 hat
rElec   .          Harm     .   (no cloak)
rCorr   .          Rampage  .   (no gloves)
Will    .....                   (no boots)
Stlth   ++........              (no amulet)
HPRegen 0.20/turn               w - +6 ring of dexterity
MPRegen 0.16/turn               (no ring)

@: gold aura
A: horns 2, condensation shield, weakness stinger 1, demonic touch 2
a: Renounce Religion, Potion Petition, Call Merchant, Bribe Branch


You were on level 6 of the Dungeon.
You worshipped Gozag.
Gozag was pleased with you.
You visited 2 branches of the dungeon, and saw 7 of its levels.

You collected 661 gold pieces.
You paid 78 gold pieces to Gozag.

Inventory:

Hand Weapons
 k - a +1 dagger of speed (weapon)
 p - a +2 dagger of venom
Missiles
 a - 14 poisoned darts
Armour
 b - a +1 robe (worn)
 c - a +0 hat (worn)
Jewellery
 q - a ring of resist corrosion
 w - a +6 ring of dexterity (left hand)
Wands
 m - a wand of acid (8)
 y - a wand of iceblast (3)
Scrolls
 e - 3 scrolls of identify
 f - a scroll of teleportation {unknown}
 h - a scroll of amnesia {unknown}
 n - a scroll of enchant weapon {unknown}
 o - 2 scrolls of enchant armour
 s - a scroll of vulnerability {unknown}
 t - a scroll of fear {unknown}
 u - a scroll of magic mapping {unknown}
 v - a scroll of poison {unknown}
 A - a scroll of fog {unknown}
Potions
 d - 2 potions of magic
 g - 3 potions of might
 i - a potion of haste
 j - 7 potions of curing
 l - a potion of brilliance
 r - a potion of heal wounds
 x - a potion of ambrosia {unknown}
 z - a potion of invisibility {unknown}


   Skills:
 + Level 4.8 Fighting
 + Level 4.0 Short Blades
 - Level 1.9 Dodging
 - Level 1.9 Stealth
 - Level 7.0 Spellcasting
 - Level 4.0 Conjurations
 - Level 1.2 Summonings
 - Level 1.1 Translocations


You had 16 spell levels left.
You knew the following spells:

 Your Spells              Type           Power      Damage    Failure   Level
a - Magic Dart            Conj           72%        1d6       2%          1
b - Blink                 Tloc           18%        N/A       12%         2
c - Call Imp              Summ           9%         N/A       12%         2

Your spell library contained the following spells:

 Spells                   Type           Power      Damage    Failure   Level
 Shock                    Conj/Air       48%        1d6       5%          1
 Freeze                   Ice            20%        1d4       12%         1
 Slow                     Hex            20%        N/A       12%         1
 Conjure Flame            Conj/Fire      12%        6-21      16%         3
 Mephitic Cloud           Conj/Pois/Air  9%         N/A       22%         3
 Lesser Beckoning         Tloc           9%         N/A       24%         3
 Confusing Touch          Hex            5%         N/A       36%         3
 Frozen Ramparts          Ice            10%        1d2       36%         3
 Swiftness                Air            5%         N/A       36%         3
 Summon Ice Beast         Ice/Summ       7%         N/A       67%         4
 Airstrike                Air            2%         2d(1-17)  77%         4
 Ice Form                 Ice/Tmut       5%         N/A       77%         4
 Manifold Assault         Tloc           9%         N/A       91%         5
 Alistair's Intoxication  Tmut/Pois      3%         N/A       98%         5
 Borgnjor's Vile Clutch   Necr/Erth      2%         N/A       98%         5
 Yara's Violent Unravell  Hex/Tmut       2%         3d3       98%         5
 Eringya's Noxious Bog    Tmut/Pois      2%         N/A       100%        6
 Enfeeble                 Hex            2%         N/A       100%        7


Dungeon Overview and Level Annotations

Branches:
Dungeon (6/15)             Temple (1/1) D:4

Altars:
Ashenzari
Cheibriados
Fedhas
Gozag
Hepliaklqana
Qazlal
Sif Muna
Trog
Uskayaw
Vehumet
Xom

Shops:
D:2 ?   D:3 (   D:4 *

Annotations:
D:3 1 runed translucent door, Crazy Yiuf
D:4 2 transporters, Duvessa


Innate Abilities, Weirdness & Mutations

You have a pair of horns on your head.
A meltable shield of frost defends you. (SH +0)
You have a small tail.
Your touch may inflict irresistible damage on your foes.


Message History

You closely miss the bullfrog. Your touch misses the bullfrog.
You hit the bullfrog but do no damage.
You touch the bullfrog!
The bullfrog is heavily wounded.
The bullfrog completely misses you.
You barely miss the bullfrog.
You tail-slap the bullfrog, but do no damage.
You touch the bullfrog!
The bullfrog is almost dead.
The bullfrog hits you.
You completely miss the bullfrog.
The bullfrog is almost dead.
The bullfrog barely misses you.
You hit the bullfrog but do no damage. You headbutt the bullfrog.
You kill the bullfrog!
Your Short Blades skill increases to level 4!
Casting: Magic Dart (safe; 2% risk of failure)
Confirm with . or Enter, or press ? or * to list all spells.
Aiming: Magic Dart (safe; 2% risk of failure)
Press: ? - help, Shift-Dir - straight line, f - wight
Aim: a wight, wielding a +4 great sword and wearing a +0 robe (100% to hit)
The magic dart hits the wight.
The wight is lightly damaged.
Casting: Magic Dart (safe; 2% risk of failure)
Confirm with . or Enter, or press ? or * to list all spells.
Aiming: Magic Dart (safe; 2% risk of failure)
Press: ? - help, Shift-Dir - straight line, f/p - wight
Aim: a wight, wielding a +4 great sword and wearing a +0 robe (lightly damaged, 100% to hit)
The magic dart hits the wight.
The wight is moderately damaged.
You barely miss the wight. Your touch misses the wight.
The wight is moderately damaged.
The wight hits you with a +4 great sword!!
* * * LOW HITPOINT WARNING * * *
Unknown command.
As you read the scroll labelled OWIACV JOITSI, it crumbles to dust.
It is a scroll of enchant armour.
Your +0 robe glows green for a moment.
The wight hits you with a +4 great sword!!
You die...
Your body crumbles into a pile of gold.

#####.# ... ##....#######.#
#.............# ............##
...#........# ###
.#.#........#### #.#
...#.).........## ###.#
.....)<.....##..###...##
..#############.@z))...# ..#
#. #####.###........
..####.#######.....# #........
...............##### .........
.######....##### .........
....######..#######.#.........
.##>.## #..........#....S....
......# #........# #.........
......####........#


You could see a wight.

Vanquished Creatures
  Eustachio (D:6)
  An ice beast (D:6)
  A black bear (D:6)
  A sky beast (D:6)
  An ogre (D:6)
  A phantom (D:6)
  Blork the orc (D:6)
  A bullfrog (D:6)
  A necrophage (D:6)
  A scorpion (D:5)
  2 wights (D:6)
  Dowan (D:4)
  An orc priest (D:4)
  Terence (D:3)
  Natasha (thrice) (D:3)
  3 iguanas
  2 orc wizards
  Robin (D:3)
  3 gnolls (D:5)
  6 adders
  4 white imps
  A worm (D:5)
  5 dart slugs
  7 orcs
  9 bats
  7 endoplasms
  5 giant cockroaches
  11 goblins
  10 hobgoblins
  12 jackals
  4 kobolds
  A quokka (D:1)
  9 ball pythons
  8 frilled lizards
  5 rats
131 creatures vanquished.

Notes
Turn   | Place    | Note
-------+----------+-------------------------------------------
     0 | D:1      | growler the Demonspawn Hedge Wizard began the quest for the
                  | Orb.
     0 | D:1      | Reached XP level 1. HP: 13/13 MP: 4/4
   232 | D:1      | Reached skill level 1 in Translocations
   344 | D:1      | Discovered your monstrous ancestry.
   344 | D:1      | Gained mutation: You have a pair of small horns on your
                  | head. [demonic ancestry]
   344 | D:1      | Reached XP level 2. HP: 19/19 MP: 4/6
  1203 | D:1      | Gained mutation: Your touch may inflict minor irresistible
                  | damage on your foes. [demonic ancestry]
  1203 | D:1      | Reached XP level 3. HP: 24/24 MP: 0/7
  1370 | D:1      | You fall into a shaft and drop 1 floor!
  1536 | D:1      | Learned a level 2 spell: Blink
  1890 | D:2      | Found a faded altar of an unknown god.
  2036 | D:2      | Found Fabukhof's Magic Scroll Shop.
  2308 | D:3      | Found a broken altar of Ashenzari.
  2430 | D:3      | Found Xeprymn's Antique Weapon Emporium.
  2456 | D:3      | Gained mutation: A meltable shield of frost defends you.
                  | (SH +0) [demonic ancestry]
  2456 | D:3      | Reached XP level 4. HP: 26/30 MP: 0/9
  2571 | D:3      | Noticed Natasha
  2584 | D:3      | Killed Natasha
  2657 | D:3      | Noticed Natasha
  2664 | D:3      | Reached skill level 4 in Spellcasting
  2894 | D:3      | Noticed Robin
  2921 | D:3      | Killed Robin
  3077 | D:3      | Reached XP level 5. HP: 35/35 MP: 2/11
  3247 | D:3      | Killed Natasha
  3344 | D:3      | Noticed Natasha
  3351 | D:3      | Killed Natasha
  3950 | D:3      | Noticed Terence
  3965 | D:3      | Killed Terence
  4107 | D:3      | Found a runed translucent door.
  4108 | D:3      | Noticed Crazy Yiuf
  4376 | D:4      | Noticed Duvessa
  4398 | D:4      | Learned a level 2 spell: Call Imp
  4444 | D:4      | Found a transporter.
  4462 | D:4      | Found a transporter.
  4522 | D:4      | Noticed Dowan
  4774 | D:4      | Killed Dowan
  4775 | D:4      | Reached skill level 5 in Spellcasting
  4775 | D:4      | Gained mutation: You have a small tail. [demonic ancestry]
  4775 | D:4      | Reached XP level 6. HP: 41/41 MP: 9/13
  4835 | D:4      | Found Budaret's General Store.
  5031 | D:4      | Found a staircase to the Ecumenical Temple.
  5044 | Temple   | Entered the Ecumenical Temple
  5057 | Temple   | Became a worshipper of Gozag Ym Sagoz the Greedy
  5080 | D:5      | Entered Level 5 of the Dungeon
  5692 | D:5      | Reached skill level 6 in Spellcasting
  6148 | D:5      | Found a snail-covered altar of Cheibriados.
  6458 | D:5      | Gained mutation: Your touch may inflict irresistible damage
                  | on your foes. [demonic ancestry]
  6458 | D:5      | Reached XP level 7. HP: 36/46 MP: 9/16
  6765 | D:6      | Found a hide-covered altar of Uskayaw.
  6863 | D:6      | Reached skill level 7 in Spellcasting
  6863 | D:6      | Reached skill level 1 in Fighting
  6909 | D:6      | Noticed Eustachio
  7295 | D:6      | Killed Eustachio
  7296 | D:6      | Reached skill level 1 in Short Blades
  7383 | D:6      | Got the Precepts of Congelation and Bewitchment
  7415 | D:6      | Gained mutation: You have a pair of horns on your head.
                  | [demonic ancestry]
  7415 | D:6      | Reached XP level 8. HP: 49/58 MP: 18/18
  7857 | D:6      | Noticed Blork the orc
  7876 | D:6      | Killed Blork the orc
  7886 | D:6      | Mangled by a wight

Illustrated notes

Levels and vault maps discovered:
D:1:      moated_graveyard_arrival, layout_basic
D:2:      layout_rooms, hellmonk_ecumenical_altar_heavens_door, serial_shops,
          shop
D:3:      layout_basic, mainiacjoe_overflow_cross_hatched, serial_shops,
          nicolae_shop_advertising_works [nicolae_subvault_shop_adworks],
          uniq_natasha, uniq_crazy_yiuf_cottage, uniq_robin, uniq_terence
D:4:      gammafunk_steamed_eel, layout_rooms, minmay_temple_entry_proselytizer,
          serial_shops, kennysheep_little_box, uniq_duvessa
D:5:      layout_cave_pods, mainiacjoe_overflow_alcove_4
D:6:      layout_rooms, mainiacjoe_overflow_big_doors,
          nicolae_uskayaw_dance_hall, serial_park_tiny_1, chequers_mini_garden,
          uniq_blork_the_orc, uniq_eustachio
Temple:   eino_temple_lava

Skill      XL: |  1  2  3  4  5  6  7  8 |
---------------+-------------------------+-----
Translocations | 1 |  1.1
Conjurations   | 2 3 4 |  4.0
Spellcasting   | 4 5 6 7 |  7.0
Fighting       | 3 4 |  4.8
Short Blades   | 2 4 |  4.0
Dodging        | |  1.9
Stealth        | |  1.9
Summonings     | |  1.2

Action                   |  1- 3 |  4- 6 |  7- 9 || total
-------------------------+-------+-------+-------++-------
Melee: Dagger            |    45 |    92 |    85 ||   222
       Punch             |     1 |       |     1 ||     2
       Headbutt          |    11 |    20 |    23 ||    54
       Touch             |     5 |    21 |    19 ||    45
       Tailslap          |       |     8 |    15 ||    23
 Cast: Magic Dart        |    83 |   121 |    51 ||   255
Evoke: Wand              |       |     1 |       ||     1
  Use: Scroll            |     4 |       |     1 ||     5
       Potion            |       |     1 |       ||     1
 Stab: Sleeping          |     1 |     1 |     1 ||     3
       Distracted        |       |       |     1 ||     1
Armor: Robe              |     5 |     6 |     9 ||    20
Dodge: Dodged            |    19 |    28 |    45 ||    92
Block: Other             |       |     9 |     9 ||    18
